[ AOE2 MATCH · #506325159 ]
UnrankedKhmer vs Teutons
Player's team · WIN
Rival team · LOSS
[ REPLAY ANALYSIS · EXTRACTED FROM THE RECORDED GAME ]
Feudal
—
Castle
—
Imperial
—
| APM avg | 73.5 |
| APM peak | 99 |
| eAPM avg | 19.8 |
| Villagers / military | 15 / 0 |
Focus
⚔️ 34.7% · 🌾 65.3%
Feudal
—
Castle
—
Imperial
—
| APM avg | 67.3 |
| APM peak | 100 |
| eAPM avg | 22.1 |
| Villagers / military | 22 / 0 |
Focus
⚔️ 25.2% · 🌾 74.8%
Match map
Initial resources + every placement click. Lines = walls · curves = elevation contours. ◆ gold · ⬟ stone · ● berries · ✦ relic · ◌ wall gap
Your base
RaZeeeeK's base
Smoothed initial terrain · ◌ = detected wall gap · hover for details
Inputs per minute
— PigeonOnABrick - - RaZeeeeK
Build order — PigeonOnABrick
21 actions detected in the replay
| 0:00 | Queue | Villager (Male) |
| 0:01 | Queue | Villager (Male) |
| 0:02 | Build | House |
| 0:03 | Build | House |
| 0:23 | Queue | Villager (Male) |
| 0:23 | Queue | Villager (Male) |
| 1:27 | Queue | Villager (Male) |
| 1:44 | Queue | Villager (Male) |
| 2:18 | Queue | Villager (Male) |
| 2:30 | Build | Lumber Camp |
| 2:40 | Queue | Villager (Male) |
| 3:16 | Queue | Villager (Male) |
| 3:28 | Queue | Villager (Male) |
| 3:43 | Build | House |
| 3:47 | Build | House |
| 3:52 | Queue | Villager (Male) |
| 4:03 | Queue | Villager (Male) |
| 4:42 | Queue | Villager (Male) |
| 5:14 | Queue | Villager (Male) |
| 5:37 | Queue | Villager (Male) |
| 5:38 | Research | Loom |
Build order — RaZeeeeK
24 actions detected in the replay
| 0:00 | Queue | Villager (Male) ×4 |
| 0:01 | Build | House |
| 0:02 | Build | House |
| 1:26 | Queue | Villager (Male) |
| 1:26 | Queue | Villager (Male) |
| 1:32 | Build | Mill |
| 2:03 | Queue | Villager (Male) |
| 2:03 | Queue | Villager (Male) |
| 2:23 | Queue | Villager (Male) |
| 2:23 | Queue | Villager (Male) |
| 2:56 | Queue | Villager (Male) |
| 2:56 | Queue | Villager (Male) |
| 3:16 | Queue | Villager (Male) |
| 3:16 | Queue | Villager (Male) |
| 3:37 | Queue | Villager (Male) |
| 3:52 | Build | House |
| 3:59 | Queue | Villager (Male) |
| 4:01 | Queue | Villager (Male) |
| 4:44 | Queue | Villager (Male) |
| 4:45 | Queue | Villager (Male) |
| 5:03 | Queue | Villager (Male) |
| 5:13 | Queue | Villager (Male) |
| 5:17 | Queue | Villager (Male) |
| 6:05 | Research | Loom |
Match timeline
| 6:28 | RaZeeeeK · resign |
[ AI ANALYSIS · 1 CREDIT ]
What really happened in this match?
Wolo.gg analyzes every decision: build order, eco, micro, common mistakes by bracket. Personalized analysis on WhatsApp or Discord in 30 seconds.
Civ guide
Khmer
Perfil
Jugador #10657462